 Dungeon Crawl Stone Soup version 0.31-a0-692-gf03d1854d5 (webtiles) character file.

Game seed: 5464999995478066884

481 qw the Shooter (level 7, -4/44 HPs)
             Began as a Gargoyle Hunter on Sept 6, 2023.
             Slain by an orc
             ... wielding a +0 flail
              (6 damage)
             ... on level 4 of the Dungeon.
             The game lasted 00:01:03 (2296 turns).

qw the Shooter (Gargoyle Hunter)                    Turns: 2296, Time: 00:01:04

Health: -4/44      AC: 11    Str: 14    XL:     7   Next: 12%
Magic:  7/7        EV: 10    Int: 10    God:
Gold:   172        SH:  0    Dex: 15    Spells: 6/6 levels left

rFire   + . .        Y - +0 shortbow
rCold   + . .        (shield currently unavailable)
rNeg    + . .        d - +0 ring mail
rPois   inf          (no helmet)
rElec   +            i - scarf {rC+ rF+}
rCorr   .            (no gloves)
SInv    +            f - +0 pair of boots
Will    .....        h - amulet of faith
Stlth   +            g - ring of see invisible
HPRegen 0.27/turn    (no ring)
MPRegen 0.10/turn

%: faith
@: no status effects
A: sickness immunity, AC +4, negative energy resistance 1, electricity
resistance, torment resistance 1, petrification resistance
a: no special abilities


You were on level 4 of the Dungeon.
You visited 1 branch of the dungeon, and saw 4 of its levels.

You collected 189 gold pieces.
You spent 17 gold pieces at shops.


Innate Abilities, Weirdness & Mutations

You are immune to sickness and miasma.
Your stone body is resilient. (AC +4)
You are immune to poison.
You resist negative energy. (rN+)
You are resistant to electric shocks. (rElec)
You are resistant to unholy torment.
You are immune to petrification.


   Skills:
 - Level 4.4 Fighting
 + Level 7.4 Ranged Weapons
 - Level 1.0 Armour
 - Level 1.5 Dodging
 - Level 1.1 Stealth


You had 6 spell levels left.
You didn't know any spells.
Your spell library was empty.

Inventory:

Hand Weapons
 Y - a +0 shortbow (weapon)
Armour
 d - a +0 ring mail (worn)
 f - a +0 pair of boots (worn)
 i - a scarf of resistance (worn)
Jewellery
 g - a ring of see invisible (left hand)
 h - an amulet of faith (around neck)
 m - the ring "Suukk" {rPois MP+9}
   (You found it on level 4 of the Dungeon)

   [ring of magical power]

   rPois:     It protects you from poison MP+9: It affects your magic capacity
   (+9).
Scrolls
 n - a scroll of identify
Potions
 a - a potion of brilliance {unknown}
 b - a potion of lignification {unknown}
 c - a potion of might
 e - a potion of haste
 j - a potion of cancellation {unknown}
 k - 2 potions of berserk rage {unknown}
 l - 3 potions of curing {unknown}

Dungeon Overview and Level Annotations

Branches:
Dungeon (4/15)
 Temple: D:4-7

Altars:
Hepliaklqana
Sif Muna

Shops:
D:1 *


Message History

You shoot an arrow. The arrow hits the orc priest.
The orc priest is almost dead.
The orc closely misses you.
The orc priest calls down the wrath of Beogh upon you.
Beogh smites you! The orc hits you but does no damage.
The orc priest hits you but does no damage.
You shoot an arrow.
The arrow closely misses the orc priest.
The arrow hits the orc.
The orc is severely wounded.
The orc priest miscasts a cantrip.
The orc barely misses you. The orc hits you with a +0 dagger.
You shoot an arrow. The arrow barely misses the orc priest.
The arrow barely misses the orc.
The arrow hits the kobold.
The kobold is moderately wounded.
The orc hits you with a +0 club. The orc barely misses you.
You shoot an arrow. The arrow hits the orc priest.
You kill the orc priest!
The orc barely misses you. x2; The orc hits you but does no damage.
You shoot an arrow. The arrow closely misses the orc.
The arrow hits the kobold.
You kill the kobold!
The orc barely misses you. The orc hits you with a +0 club.
The orc barely misses you.
You shoot an arrow. The arrow completely misses the orc.
The orc hits you but does no damage. The orc closely misses you.
The orc barely misses you. The orc misses you. The orc closely misses you.
The orc barely misses you.
You shoot an arrow.
The arrow hits the orc but does no damage.
The orc is severely wounded.
The orc hits you but does no damage. The orc closely misses you.
The orc hits you with a +0 flail.
You shoot an arrow. The arrow closely misses the orc.
The orc closely misses you. x3
You shoot an arrow.
The arrow hits the orc but does no damage.
The orc is severely wounded.
The orc hits you but does no damage. The orc misses you.
The orc hits you with a +0 flail.
You die...

#......#######
#########.#+#....#
#......##.# #.##.#
#......#..#...# .#
##......'.###### #
........########
...............#
...............#
......o@)......#
......oo########
..##...).
..........
...##...... ##.
#....... #
........+
#........#


You could see 3 orcs.

Vanquished Creatures
  2 ogres (D:4)
  A scorpion (D:4)
  A hound (D:3)
  An orc priest (D:4)
  Jessica (D:2)
  An orc wizard (D:4)
  8 adders
  2 dart slugs
  4 orcs (D:4)
  9 ball pythons
  5 bats
  4 endoplasms
  4 giant cockroaches
  5 hobgoblins
  6 kobolds
  2 quokkas (D:1)
  3 frilled lizards
  5 goblins
  9 rats
73 creatures vanquished.

Notes
Turn   | Place    | Note
-------+----------+-------------------------------------------
     0 | D:1      | qw the Gargoyle Hunter began the quest for the Orb.
     0 | D:1      | Reached XP level 1. HP: 12/12 MP: 1/1
     0 | D:1      | 0 ||| qw: Version: 0.3-a-76-g4403597
     0 | D:1      | 0 ||| qw: Game counter: 95
     0 | D:1      | 0 ||| qw: Melee chars always use a shield: true
     0 | D:1      | 0 ||| qw: God list: Okawaru
     0 | D:1      | 0 ||| qw: Allow faded altars: false
     0 | D:1      | 0 ||| qw: Do Orc after clearing Dungeon:15 true
     0 | D:1      | 0 ||| qw: Do second Lair branch before Depths: true
     0 | D:1      | 0 ||| qw: Lair rune preference: random
     0 | D:1      | 0 ||| qw: Goals: Normal
     0 | D:1      | 0 ||| PLANNING D:1-11
   108 | D:1      | Reached XP level 2. HP: 17/17 MP: 2/2
   156 | D:1      | HP: 2/17 [kobold/+0 whip (4)]
   483 | D:1      | Reached XP level 3. HP: 21/21 MP: 3/3
   521 | D:1      | Reached skill level 5 in Ranged Weapons
   579 | D:1      | Found Ravax's Assorted Antiques.
   586 | D:1      | 586 ||| SHOPLISTING 2 scrolls labelled XEINIOD TUZAZ (34
                  | gold, have 25).
   586 | D:1      | 586 ||| SHOPLISTING pair of embroidered gloves (127 gold,
                  | have 25).
   586 | D:1      | 586 ||| SHOPLISTING ring mail (68 gold, have 25).
   586 | D:1      | 586 ||| BUYING scroll labelled ECECES GAIWA (17 gold).
   586 | D:1      | Bought a scroll labelled ECECES GAIWA for 17 gold pieces
   586 | D:1      | 586 ||| SHOPLISTING scroll labelled GUCUEN GAVVUE (17 gold,
                  | have 8).
   586 | D:1      | 586 ||| SHOPLISTING scroll labelled KODAIM YQAJOSCH (17
                  | gold, have 8).
   684 | D:1      | 684 ||| UPGRADING to +0 pair of boots.
   689 | D:1      | 689 ||| UPGRADING to amulet of faith.
   694 | D:1      | 694 ||| UPGRADING to ring of see invisible.
   695 | D:1      | 695 ||| READING scroll labelled RINETI PULA.
   696 | D:1      | 696 ||| READING scroll labelled ECECES GAIWA.
   697 | D:1      | 697 ||| READING scroll labelled RUDEASK YQYSA.
   702 | D:1      | 702 ||| DRINKING 2 fizzy green potions.
   703 | D:1      | 703 ||| DROPPING scroll of butterflies.
   760 | D:2      | Noticed Jessica
   769 | D:2      | Killed Jessica
   770 | D:2      | Reached skill level 3 in Fighting
   770 | D:2      | Reached XP level 4. HP: 28/28 MP: 4/4
   855 | D:2      | Found a hazy altar of Hepliaklqana.
  1173 | D:2      | 1173 ||| UPGRADING to +0 ring mail.
  1183 | D:2      | 1183 ||| DROPPING +0 leather armour.
  1184 | D:2      | 1184 ||| READING scroll labelled YPAFFO UQOBIEC.
  1185 | D:2      | 1185 ||| READING scroll labelled BEIPLI PEMPELL.
  1330 | D:3      | Reached skill level 1 in Armour
  1343 | D:3      | Reached XP level 5. HP: 32/32 MP: 5/5
  1732 | D:3      | Found a shimmering blue altar of Sif Muna.
  1906 | D:3      | 1906 ||| UPGRADING to scarf of resistance.
  1911 | D:3      | 1911 ||| READING scroll labelled XEINIOD TUZAZ.
  1912 | D:3      | 1912 ||| READING scroll labelled WILOLO ZUTSA.
  1913 | D:3      | 1913 ||| DRINKING 2 pink potions.
  1932 | D:4      | Reached skill level 6 in Ranged Weapons
  1932 | D:4      | Reached XP level 6. HP: 33/37 MP: 6/6
  1932 | D:4      | 1932 ||| STAIRDANCE
  2250 | D:4      | Identified the ring "Suukk" {rPois MP+9}
  2286 | D:4      | Reached skill level 7 in Ranged Weapons
  2286 | D:4      | Reached XP level 7. HP: 29/44 MP: 7/7
  2289 | D:4      | HP: 10/44 [orc/+0 dagger (3)]
  2294 | D:4      | HP: 2/44 [orc/+0 flail (5)]
  2296 | D:4      | Slain by an orc

Levels and vault maps discovered:
D:1:      grunt_arrival_lava_bath, layout_basic, serial_shops,
          nicolae_shop_trees, chequers_serial_rivers_room_a
D:2:      layout_rooms, basic_altar, uniq_jessica
D:3:      layout_basic, nicolae_sif_muna_little_library, skrybe_limestone_x
D:4:      layout_basic

Skill      XL: |  1  2  3  4  5  6 |
---------------+-------------------+-----
Ranged Weapons | 5 6 7 |  7.4
Fighting       | 3 4 |  4.4
Armour         | 1 |  1.0
Dodging        | |  1.5
Stealth        | |  1.1

Action                     |  1- 3 |  4- 6 |  7- 9 || total
---------------------------+-------+-------+-------++-------
   Fire: Shortbow          |    92 |   140 |    11 ||   243
    Use: Scroll            |     3 |     4 |       ||     7
         Potion            |     1 |     1 |       ||     2
 Armour: Leather armour    |    20 |     4 |       ||    24
         Ring mail         |       |    33 |    13 ||    46
  Dodge: Dodged            |    20 |    31 |    19 ||    70

Table legend:
 A = Non-vault XP
 B = Vault XP
 C = Vault XP percentage of total XP
 D = Non-vault monster count
 E = Vault monster count
 F = Vault count percentage of total count
                 A         B        C        D         E       F
            +---------+---------+-------+---------+---------+-------
      Total |     651 |      37 |   5.4 |      72 |       1 |   1.4
            +---------+---------+-------+---------+---------+-------
        D:1 |      44 |       0 |   0.0 |      27 |       0 |   0.0
        D:2 |      64 |      37 |  36.6 |      17 |       1 |   5.6
        D:3 |      95 |       0 |   0.0 |      10 |       0 |   0.0
        D:4 |     448 |       0 |   0.0 |      18 |       0 |   0.0
            +---------+---------+-------+---------+---------+-------
